 Dungeon Crawl Stone Soup version 0.24.0-13-gcf9b3192b9 (webtiles) character file.

Game seed: 9161674162154448064, levelgen mode: classic

14385 EnegeticOcto the Pandemonic (level 11, -1/100 HPs)
             Began as a Deep Dwarf Fighter on Nov 8, 2019.
             Was a High Priest of Makhleb.
             Slain by a six-headed hydra simulacrum (8 damage)
             ... on level 2 of the Lair of Beasts.
             The game lasted 00:09:09 (7732 turns).

EnegeticOcto the Pandemonic (Deep Dwarf Fighter)    Turns: 7732, Time: 00:09:10

Health: -1/100     AC: 19    Str: 23    XL:     11   Next: 88%
Magic:  18/18      EV: 10    Int:  7    God:    Makhleb [*****.]
Gold:   512        SH:  0    Dex: 13    Spells: 10/10 levels left

rFire    . . .     SeeInvis .   a - +7 battleaxe (venom)
rCold    + . .     Gourm    .   (shield currently unavailable)
rNeg     + . .     Faith    .   I - +2 plate armour {rC+}
rPois    +         Spirit   .   (no helmet)
rElec    .         Reflect  .   E - +2 ratskin cloak {+Rats rPois rN+ Str-1 Int-1 Dex+1}
rCorr    .         Harm     .   (no gloves)
MR       +....                  (no boots)
Stlth    ..........             (no amulet)
HPRegen  0.00/turn              (no ring)
MPRegen  0.16/turn              (no ring)

@: non-regenerating
A: damage resistance, heal wounds, sense surroundings 2, subdued magic 1, no
regeneration
a: Heal Wounds, Minor Destruction, Lesser Servant of Makhleb, Major Destruction,
Greater Servant of Makhleb, Renounce Religion, Evoke Ratskin


You were on level 2 of the Lair of Beasts.
You worshipped Makhleb.
Makhleb was extremely pleased with you.
You were very hungry.

You visited 2 branches of the dungeon, and saw 13 of its levels.

You collected 512 gold pieces.

Inventory:

Hand Weapons
 a - a +7 battleaxe of venom (weapon)
 b - a +2 war axe of flaming
 y - a +0 broad axe
Missiles
 A - 2 throwing nets (quivered) {!f}
Armour
 c - a +0 shield
 d - a +1 chain mail of fire resistance
 q - the +8 chain mail "Usuodue" {Int+3}
   (You found it on level 6 of the Dungeon)

   It affects your intelligence (+3).
 E - the +2 ratskin cloak (worn) {+Rats rPois rN+ Str-1 Int-1 Dex+1}
   (You found it on level 8 of the Dungeon)

   It affects your strength (-1).
   It affects your intelligence (-1).
   It affects your dexterity (+1).
   It protects you from poison.
   It protects you from negative energy.
 G - a +1 plate armour of cold resistance
 I - a +2 plate armour of cold resistance (worn)
Jewellery
 t - an uncursed ring of fire
Wands
 l - a wand of iceblast (22)
 n - a wand of acid (6)
 H - a wand of polymorph (13)
Scrolls
 f - a scroll of identify {@r1}
 i - 3 scrolls of enchant weapon
 s - 3 scrolls of remove curse {@r2}
 v - a scroll of enchant armour
 w - 2 scrolls of blinking {@r4}
 B - a scroll of immolation
 C - 2 scrolls of magic mapping {@r5 !r}
Potions
 g - a potion of lignification {@q6}
 h - a potion of resistance
 j - 2 potions of curing {@q1 !q}
 k - a potion of magic
 m - 2 potions of cancellation
 o - 3 potions of degeneration
 p - 3 potions of haste {@q4 !q}
 u - 2 potions of heal wounds {@q2 !q}
 x - a potion of invisibility
 z - a potion of ambrosia
 D - 4 potions of might {@q3 !q}
 F - 2 potions of agility {@q5 !q}
 J - a potion of berserk rage
Miscellaneous
 r - a lamp of fire
Comestibles
 e - 28 rations


   Skills:
 + Level 7.3 Fighting
 * Level 11.3 Axes
 + Level 8.7 Armour
 + Level 8.0 Dodging
 - Level 4.7 Shields
 * Level 12.6 Invocations


You had 10 spell levels left.
You didn't know any spells.
Your spell library contained the following spells:

 Spells                   Type           Power        Failure   Level  Hunger
 Animate Skeleton         Necr           N/A          99%         1    ##.....
 Apportation              Tloc           #.....       99%         1    ##.....
 Confusing Touch          Hex            #.....       99%         1    ##.....
 Summon Small Mammal      Summ           #...         99%         1    ##.....
 Blink                    Tloc           N/A          100%        2    ###....
 Confuse                  Hex            #.......     100%        3    ####...
 Gell's Gravitas          Tloc           #.........   100%        3    ####...
 Teleport Other           Tloc           #.......     100%        3    ####...
 Petrify                  Tmut/Erth      #.......     100%        4    #####..
 Metabolic Englaciation   Hex/Ice        #.........   100%        5    ######.
 Summon Forest            Summ/Tloc      #.........   100%        5    ######.
 Yara's Violent Unravell  Hex/Tmut       #.........   100%        5    ######.


Dungeon Overview and Level Annotations

Branches:
Dungeon (11/15)              Lair (2/6) D:8
 Temple: D:4-7        Swamp: Lair:2-4    Shoals: Lair:2-4     Snake: Lair:2-4
 Spider: Lair:2-4       Orc: D:9-12

Altars:
Cheibriados
Dithmenos
Makhleb
Okawaru
Trog
The Shining One

Shops:
D:5 [

Annotations:
D:7 2 transporters
Lair:2 Huxoxzufuz's ghost, journeyman GnFi


Innate Abilities, Weirdness & Mutations

You are resistant to damage.
You can heal yourself by infusing magical energy.
You passively map the area around you.
You do not regenerate.
Your spells are a little easier to cast, but a little less powerful.


Message History

The bullfrog simulacrum barely misses you.
The rime drake closely misses you. The ice dragon misses you.
The ice dragon claws you but does no damage.
The ice dragon tramples you!
You stumble backwards!
A demon appears!
The ice encasing you melts away.
The ice dragon bites you but does no damage.
The ice dragon closely misses you. The ice dragon tramples you.
You stumble backwards!
The eight-headed hydra simulacrum closely misses your neqoxec.
The eight-headed hydra simulacrum bites your neqoxec.
The eight-headed hydra simulacrum freezes your neqoxec!!
The eight-headed hydra simulacrum misses your neqoxec.
The eight-headed hydra simulacrum barely misses your neqoxec.
The eight-headed hydra simulacrum bites your neqoxec.
Your neqoxec dies!
You slice the ice dragon!!
The ice dragon looks as sick as possible!
The ice dragon is almost dead.
The ice dragon bites you but does no damage.
The ice dragon claws you but does no damage.
The ice dragon barely misses you.
A rime drake comes into view.
Your smoke demon gestures at Huxoxzufuz's ghost.
The sticky flame hits the rime drake.
The rime drake is covered in liquid flames!
You slice the ice dragon!!
You kill the ice dragon!
Makhleb accepts your kill.
Your Dodging skill increases to level 8!
You slash the rime drake!
The rime drake is poisoned.
The rime drake burns!
The rime drake barely misses you.
Your smoke demon gestures at Huxoxzufuz's ghost.
The sticky flame hits the rime drake.
The rime drake is covered in liquid flames!
Huxoxzufuz's ghost closely misses you.
You slice the rime drake!!
You kill the rime drake!
Makhleb accepts your kill.
You feel better.
You slice the bullfrog simulacrum!!
The bullfrog simulacrum vapourises!
Makhleb accepts your kill.
You feel better.
You hit Huxoxzufuz's ghost but do no damage.
Huxoxzufuz's ghost says, "You can hit me, but you can't hurt me."
Huxoxzufuz's ghost hits you but does no damage.
Your plate armour prevents you from hitting Huxoxzufuz's ghost.
Your smoke demon hits Huxoxzufuz's ghost but does no damage. x2
Your smoke demon hits Huxoxzufuz's ghost.
Huxoxzufuz's ghost hits you but does no damage.
An elephant simulacrum comes into view.
The eight-headed hydra simulacrum bites your smoke demon but does no damage.
The eight-headed hydra simulacrum bites your smoke demon.
The eight-headed hydra simulacrum freezes your smoke demon!!!
Your smoke demon dies!
You hit Huxoxzufuz's ghost but do no damage.
Huxoxzufuz's ghost is lightly damaged.
Huxoxzufuz's ghost hits you but does no damage.
You slice Huxoxzufuz's ghost!!
Huxoxzufuz's ghost is moderately damaged.
Huxoxzufuz's ghost barely misses you.
You hit Huxoxzufuz's ghost but do no damage.
Huxoxzufuz's ghost is moderately damaged.
You lop one of the eight-headed hydra simulacrum's heads off!
You hit the seven-headed hydra simulacrum.
The seven-headed hydra simulacrum bites you but does no damage.
The seven-headed hydra simulacrum bites you.
The seven-headed hydra simulacrum freezes you!
You resist.
The seven-headed hydra simulacrum bites you but does no damage.
The seven-headed hydra simulacrum bites you.
The seven-headed hydra simulacrum freezes you!
You resist.
The seven-headed hydra simulacrum bites you!
The seven-headed hydra simulacrum freezes you!
You resist.
The seven-headed hydra simulacrum bites you but does no damage. x2
Huxoxzufuz's ghost hits you but does no damage.
You chop one of the seven-headed hydra simulacrum's heads off!
You slash the six-headed hydra simulacrum!
The six-headed hydra simulacrum is moderately damaged.
You hit Huxoxzufuz's ghost but do no damage.
You slice the rime drake!!
The rime drake is poisoned.
Huxoxzufuz's ghost hits you but does no damage.
The rime drake bites you but does no damage.
The six-headed hydra simulacrum bites you.
* * * LOW HITPOINT WARNING * * *
The six-headed hydra simulacrum freezes you!
You resist.
* * * LOW HITPOINT WARNING * * *
The six-headed hydra simulacrum bites you.
The six-headed hydra simulacrum freezes you!
You resist.
* * * LOW HITPOINT WARNING * * *
The six-headed hydra simulacrum closely misses you.
The six-headed hydra simulacrum bites you.
* * * LOW HITPOINT WARNING * * *
The six-headed hydra simulacrum freezes you!
You resist.
You die...

##P.....#....####
###......P#
#...###........P#
#.......## ...##
#####†....###
##|.....# ...#
k....###.....#
#......##
..##.Z......##...##
#.......#
..#..Z###....##..##
#.......# ..#...
#.|..#...####......##
..##.. ,
#..Z.#k............##
...#. ,
##...ZW@............#
... , ,
,#..?'Z............##
..# ,
,,#...'.............#
..# ,
*#...#...#.........#
*, ,
#....#.P##..........#
*
#....##..###........##
* ,....###..##
#........# * , * ..##
..#.* #....(...P# , **
, * * #........##


You could see a rime drake, Huxoxzufuz's ghost, a porcupine simulacrum, a
six-headed hydra simulacrum and an elephant simulacrum.

Vanquished Creatures
  An ice dragon (Lair:2)
  3 unseen horrors (D:11)
  Pikel (D:5)
  2 manticores (D:11)
  A cyclops (D:11)
  A kobold demonologist (D:10)
  A gargoyle (D:11)
  2 rime drakes (Lair:2)
  A komodo dragon (Lair:1)
  A troll (D:9)
  Grinder (D:3)
  4 blink frogs (Lair:1)
  Sigmund (D:6)
  5 yaks (D:11)
  Eustachio (D:6)
  3 hungry ghosts
  A basilisk (Lair:1)
  Edmund (D:6)
  A soldier ant (D:11)
  5 water moccasins
  2 porcupines
  3 orc warriors
  2 sky beasts
  4 slaves (D:5)
  2 eyes of draining (D:9)
  4 ice beasts
  3 black bears
  6 ogres
  A phantom (D:6)
  5 centaurs
  2 big kobolds (D:11)
  2 crocodiles
  Blork the orc (D:6)
  9 bullfrogs
  2 wyvern zombies (D:11)
  5 scorpions
  A wyvern skeleton (D:7)
  13 wights
  2 howler monkeys
  4 crimson imps
  A bullfrog zombie (D:10)
  A quasit (D:5)
  A centaur zombie (D:5)
  A jelly (D:11)
  5 hounds
  6 orc priests
  6 orc wizards
  An iguana (D:5)
  A hell rat (D:8)
  5 worker ants
  A bullfrog simulacrum (Lair:2)
  A hound zombie (D:7)
  2 hound skeletons
  2 worker ant zombies
  4 gnolls (D:5)
  7 adders
  A crocodile simulacrum (Lair:2)
  6 river rats (D:8)
  5 shadow imps
  2 adder skeletons
  2 worms
  3 dart slugs
  5 leopard geckos
  31 orcs
  3 giant cockroaches
  5 goblins
  5 hobgoblins
  4 jackals (D:8)
  6 quokkas
  3 ball pythons
  A ball python skeleton (D:6)
  5 bats
  8 frilled lizards
  2 goblin skeletons (D:6)
  2 goblin zombies (D:6)
  21 kobolds
  A kobold zombie (D:6)
  A leopard gecko skeleton (D:5)
  2 orc skeletons (D:6)
  3 orc zombies (D:6)
  A quokka skeleton (D:4)
  21 rats
  A fungus (Lair:1)
305 creatures vanquished.

Notes
Turn   | Place    | Note
-------+----------+-------------------------------------------
     0 | D:1      | EnegeticOcto the Deep Dwarf Fighter began the quest for the
                  | Orb.
     0 | D:1      | Reached XP level 1. HP: 20/20 MP: 1/1
   160 | D:1      | Reached XP level 2. HP: 22/27 MP: 2/2
   234 | D:1      | You fall into a shaft and drop 1 floor!
   442 | D:2      | Reached XP level 3. HP: 32/33 MP: 3/3
   485 | D:2      | Reached skill level 1 in Dodging
   621 | D:2      | Reached XP level 4. HP: 33/42 MP: 4/4
   835 | D:2      | Found a burning altar of Makhleb.
   848 | D:2      | Became a worshipper of Makhleb the Destroyer
   914 | D:3      | Found a bloodstained altar of Trog.
  1016 | D:3      | Reached XP level 5. HP: 40/49 MP: 5/5
  1051 | D:3      | Reached skill level 1 in Invocations
  1222 | D:3      | Noticed Grinder
  1227 | D:3      | Paralysed by Grinder for 6 turns
  1237 | D:3      | Paralysed by Grinder for 7 turns
  1246 | D:3      | Killed Grinder
  1246 | D:3      | Reached skill level 2 in Invocations
  1246 | D:3      | Reached XP level 6. HP: 37/56 MP: 5/8
  1294 | D:3      | You fall into a shaft and drop 3 floors!
  1323 | D:6      | Reached skill level 3 in Invocations
  1328 | D:6      | Reached * piety under Makhleb
  1366 | D:6      | Reached XP level 7. HP: 61/63 MP: 8/8
  1387 | D:6      | Reached skill level 5 in Axes
  1387 | D:6      | Reached skill level 4 in Invocations
  1489 | D:6      | Noticed Sigmund
  1495 | D:6      | Noticed Eustachio
  1503 | D:6      | Reached skill level 5 in Invocations
  1504 | D:6      | Killed Sigmund
  1504 | D:6      | Reached skill level 5 in Armour
  1504 | D:6      | Reached XP level 8. HP: 56/72 MP: 9/11
  1546 | D:6      | Killed Eustachio
  1611 | D:6      | Found a glowing golden altar of the Shining One.
  1619 | D:6      | Reached ** piety under Makhleb
  1644 | D:6      | Noticed Edmund
  1652 | D:6      | Reached skill level 6 in Invocations
  1655 | D:6      | Killed Edmund
  1675 | D:6      | Noticed Blork the orc
  1682 | D:6      | Killed Blork the orc
  1724 | D:6      | Got a crude chain mail
  1735 | D:6      | Identified the +8 chain mail "Usuodue" {Int+3} (You found
                  | it on level 6 of the Dungeon)
  1743 | D:5      | Entered Level 5 of the Dungeon
  1806 | D:5      | Found Pirux's Antique Armour Emporium.
  1839 | D:5      | Found a shadowy altar of Dithmenos.
  2011 | D:5      | Reached skill level 7 in Invocations
  2157 | D:4      | Gained mutation: You passively map the area around you.
                  | [Deep Dwarf growth]
  2157 | D:4      | Reached XP level 9. HP: 59/80 MP: 13/13
  2691 | D:5      | Noticed Pikel
  2704 | D:5      | Killed Pikel
  2704 | D:5      | Reached *** piety under Makhleb
  2704 | D:5      | Reached skill level 5 in Fighting
  2704 | D:5      | Reached skill level 5 in Dodging
  2717 | D:5      | Reached skill level 8 in Invocations
  3484 | D:7      | Reached skill level 9 in Invocations
  3547 | D:7      | Found a transporter.
  3563 | D:7      | Found a transporter.
  3730 | D:8      | Reached XP level 10. HP: 90/90 MP: 15/15
  4266 | D:8      | Reached **** piety under Makhleb
  4340 | D:8      | Found the +2 ratskin cloak {+Rats rPois rN+ Str-1 Int-1
                  | Dex+1}
  4538 | D:9      | Reached skill level 10 in Invocations
  4768 | D:9      | Found a bloodstained altar of Trog.
  4798 | D:10     | Entered Level 10 of the Dungeon
  5101 | D:10     | Noticed a soul eater
  5107 | D:10     | Gained mutation: Your spells are a little easier to cast,
                  | but a little less powerful. [a neqoxec]
  5303 | D:10     | Found an iron altar of Okawaru.
  5438 | D:10     | Reached ***** piety under Makhleb
  5534 | D:11     | Identified a scroll of acquirement
  5548 | D:11     | Noticed a cyclops
  5563 | D:11     | Killed a cyclops
  5563 | D:11     | Reached skill level 10 in Axes
  5563 | D:11     | Reached skill level 11 in Invocations
  5658 | D:11     | Noticed a manticore
  5667 | D:11     | Killed an unseen horror
  5667 | D:11     | Reached XP level 11. HP: 92/99 MP: 17/17
  5700 | D:11     | Killed an unseen horror
  5739 | D:11     | Killed an unseen horror
  5896 | D:11     | Reached skill level 12 in Invocations
  5975 | D:11     | Found a snail-covered altar of Cheibriados.
  6479 | D:8      | Found a staircase to the Lair.
  6623 | Lair:1   | Entered Level 1 of the Lair of Beasts
  6913 | Lair:1   | Identified the Papyrus of Dislocated Summoning
  7652 | Lair:2   | Found a runed translucent gate.
  7652 | Lair:2   | Found a runed translucent gate.
  7652 | Lair:2   | Found a runed translucent gate.
  7684 | Lair:2   | Noticed an ice dragon
  7716 | Lair:2   | Noticed Huxoxzufuz's ghost (journeyman GnFi)
  7726 | Lair:2   | Killed an ice dragon
  7732 | Lair:2   | Slain by a six-headed hydra simulacrum

Levels and vault maps discovered:
D:1:      elethiomel_arrival_infinity_welcomes_careful_drivers,
          layout_loops_ring, minmay_pentomino_o2
D:2:      layout_loops_ring, makhleb_heckhound_becter
D:3:      layout_basic, chequers_ecumenical_altar_lobes, trog_butcher_becter,
          uniq_grinder
D:4:      layout_loops_cross
D:5:      layout_rooms, lemuel_doored_altar, first_ration,
          serial_co_window_serial, co_window_paths_b,
          co_window_of_opportunity_a, co_window_corner_a, co_window_paths_a,
          co_window_of_opportunity_a, co_window_corner_a,
          co_window_of_opportunity_a, co_window_broadway_b, co_window_corner_b,
          co_window_cross_4, co_window_of_opportunity_b, co_window_corner_b,
          co_window_4corner_a, co_window_paths_e, serial_shops, kennysheep_mini,
          uniq_pikel
D:6:      layout_cave_pools, nicolae_tso_besieged_by_evil, temple_hall,
          serial_rivers, chequers_serial_rivers_micro_a,
          chequers_serial_rivers_micro_d, chequers_serial_rivers_micro_b,
          chequers_serial_rivers_micro_b, uniq_blork_the_orc, uniq_eustachio,
          uniq_sigmund, uniq_edmund
D:7:      gammafunk_steamed_eel, layout_loops_corners, grunt_ogre_cave,
          st_stairs_4
D:8:      wander_guarded_unrand_ratskin, layout_loops_corners, lair_entry_dummy
D:9:      layout_rooms, trog_eyes_of_draining, gammafunk_temple_overflow_statue
D:10:     layout_stronghold, okawaru_trees_2
D:11:     layout_cave_pools, cheibriados_altar_1
Lair:1:   layout_cave_pods
Lair:2:   wander_river, layout_big_grid, gammafunk_ghost_icy

Skill      XL: |  1  2  3  4  5  6  7  8  9 10 11 |
---------------+----------------------------------+-----
Fighting       | 3 4 5 6 7 |  7.3
Axes           | 3 4 5 7 8 10 11 | 11.3
Dodging        | 1 2 3 4 5 7 8 |  8.0
Invocations    | 2 3 5 7 9 11 12 | 12.6
Shields        | 4 |  4.7
Armour         | 4 5 6 7 8 |  8.7

Action                   |  1- 3 |  4- 6 |  7- 9 | 10-12 || total
-------------------------+-------+-------+-------+-------++-------
Melee: War axe           |   110 |   128 |    20 |       ||   258
       Battleaxe         |       |       |   326 |   341 ||   667
Invok: Lesser Servant of |       |       |       |     2 ||     2
 Abil: Heal Wounds       |     1 |     5 |     4 |     2 ||    12
Evoke: Wand              |       |       |       |     2 ||     2
  Use: Potion            |       |     1 |       |       ||     1
       Scroll            |       |       |    10 |    12 ||    22
  Eat: Chunk             |       |     2 |    16 |    14 ||    32
       Ration            |       |       |       |     1 ||     1
Armor: Scale mail        |    48 |    69 |    38 |       ||   155
       Chain mail        |       |       |   209 |   279 ||   488
       Plate armour      |       |       |       |    19 ||    19
Dodge: Dodged            |    28 |    73 |   271 |   259 ||   631
Block: Shield            |    49 |    70 |    12 |       ||   131
